 Dungeon Crawl Stone Soup version 0.18.1-48-g4cf74bf (webtiles) character file.

3303 grulito the Cleaver (level 10, 0/93 HPs)
             Began as a Hill Orc Fighter on June 30, 2016.
             Was an Elder of Okawaru.
             Slain by a killer bee (8 damage)
             ... on level 8 of the Dungeon.
             The game lasted 00:33:23 (7925 turns).

grulito the Cleaver (Hill Orc Fighter)              Turns: 7925, Time: 00:33:24

Health: 0/93       AC:  8    Str: 21    XL:     10   Next: 1%
Magic:  10/10      EV:  9    Int:  8    God:    Okawaru [****..]
Gold:   402        SH:  0    Dex: 15    Spells: 0 memorised, 9 levels left

rFire  x . .     SeeInvis .     a - +3 battleaxe "Somudim" {chop, rF- rC+ Stlth+}
rCold  + . .     Gourm    .     b - +0 scale mail
rNeg   . . .     Faith    .     (shield currently unavailable)
rPois  .         Spirit   .     w - +0 helmet
rElec  .         Dismiss  .     (no cloak)
rCorr  .         Reflect  .     (no gloves)
SustAt .         Harm     .     (no boots)
MR     .....                    t - amulet of rage
Stlth  +.........               (no ring)
                                E - +3 ring of dexterity

@: lethally poisoned (0 -> 0), about to teleport, very slightly contaminated,
not resistant to hostile enchantments, very unstealthy
A: no striking features
a: Heroism, Renounce Religion, Evoke Berserk Rage


You were on level 8 of the Dungeon.
You worshipped Okawaru.
Okawaru was greatly pleased with you.
You were not hungry.

You visited 1 branch of the dungeon, and saw 8 of its levels.

You collected 402 gold pieces.

Inventory:

Hand Weapons
 a - the +3 battleaxe "Somudim" (weapon) {chop, rF- rC+ Stlth+}
   (You found it on level 6 of the Dungeon)

   It inflicts extra damage upon your enemies.
   It makes you vulnerable to fire.
   It protects you from cold.
   It makes you more stealthy.
 H - a +1 trident of venom
Armour
 b - a +0 scale mail (worn)
 c - a +0 shield
 w - a +0 helmet (worn)
Jewellery
 t - an amulet of rage (around neck)
 E - a +3 ring of dexterity (left hand)
Wands
 u - a wand of random effects (19/48)
Scrolls
 e - a scroll of fear {unknown}
 g - 4 scrolls of teleportation
 h - a scroll of amnesia {unknown}
 k - 2 scrolls of remove curse
 m - 3 scrolls of magic mapping
 n - 2 scrolls of enchant armour {unknown}
 o - 2 scrolls of blinking
 q - 2 scrolls of fog {unknown}
 r - a scroll of identify
 v - 3 scrolls of enchant weapon {unknown}
 x - 2 scrolls of recharging {unknown}
 y - a scroll of torment {unknown}
 z - a scroll of noise {unknown}
 I - a scroll of random uselessness {unknown}
Potions
 d - a potion of might
 l - 2 potions of mutation
 p - a potion of flight {unknown}
 A - a potion of invisibility
 B - 2 potions of brilliance
 C - a potion of heal wounds {unknown}
 F - a potion of cure mutation {unknown}
 J - 2 potions of resistance {unknown}
Books
 G - a book of Geomancy

   Spells                             Type                      Level
   a - Sandblast                      Earth                        1
   b - Passwall                       Transmutation/Earth          2
   c - Stone Arrow                    Conjuration/Earth            3
   d - Petrify                        Transmutation/Earth          4
   e - Lee's Rapid Deconstruction     Earth                        5
Comestibles
 f - a bread ration
 j - 5 fruits
 s - 3 meat rations
 D - 2 beef jerkies


   Skills:
 - Level 10.0 Fighting
 - Level 13.1(13.2) Axes
 - Level 1.8(7.5) Polearms
 * Level 5.1 Armour
 - Level 0.1 Stealth
 - Level 3.5 Shields
 - Level 1.1 Invocations
 - Level 1.2 Evocations


You had 9 spell levels left.
You didn't know any spells.

Dungeon Overview and Level Annotations

Branches:
Dungeon (8/15)             Temple (0/1) D:7
   Lair: D:8-11

Altars:
Fedhas
Kikubaaqudgha
Makhleb
Okawaru
Pakellas
Ru
Vehumet
Xom
Zin
The Shining One


Message History

You miss the killer bee.
You feel sick. The killer bee completely misses you. The killer bee stings you.
* * * LOW HITPOINT WARNING * * *
You are too injured to fight recklessly!
You are too injured to fight recklessly!
You are too injured to fight recklessly!
The killer bee stings you.
* * * LOW HITPOINT WARNING * * *
The killer bee stings you.
* * * LOW HITPOINT WARNING * * *
You are too injured to fight recklessly!
You feel sick.
The killer bee stings you but does no damage.
The killer bee closely misses you.
As you read the scroll of teleportation, it crumbles to dust.
You feel strangely unstable. The killer bee barely misses you. x2
You feel sick. The killer bee stings you.
* * * LOW HITPOINT WARNING * * *
The killer bee stings you!
You die...

#..###..##..###..####+#.
+######..###..##..###..####.##
....>..........#..............
...............#..............
...............#..............
########.###+####...##....###..
#.....##.###.####...##....###..
#.....#.....<.......+..........
#.....#......y@.....#..........
###.......#######.##..####..###.#
......##### #######'#####..#####
......# #...............#...
......# #..............(#...
......# #...............'...
......# #.............###...
......# ##...########.+_'.##
####### #...##..# ######..


You could see a killer bee.

Vanquished Creatures
  Prince Ribbit (D:5)
  Eustachio (D:6)
  Duvessa (D:6)
  5 sky beasts
  An orc warrior (D:7)
  An ice beast (D:5)
  A phantom (D:7)
  4 ogres
  3 centaurs
  A big kobold (D:8)
  Blork the orc (D:6)
  2 giant frogs (D:7)
  A gnoll sergeant (D:7)
  Dowan (D:6)
  3 scorpions
  4 killer bees (D:8)
  2 howler monkeys
  2 crimson imps
  A centaur zombie (D:5)
  3 hounds
  A quasit (D:7)
  A jelly (D:5)
  2 orc priests (D:5)
  Crazy Yiuf (D:6)
  An iguana (D:5)
  Ijyb (D:2)
  Terence (D:1)
  An orc wizard (D:5)
  4 worker ants
  A hound skeleton (D:8)
  10 adders
  3 gnolls (D:7)
  An ooze (D:1)
  2 adder skeletons
  3 worms
  2 dart slugs
  2 giant geckos
  23 orcs
  11 bats
  A giant cockroach (D:4)
  7 hobgoblins
  5 jackals (D:2)
  3 quokkas
  A giant gecko skeleton (D:5)
  A giant gecko zombie (D:5)
  4 giant newts
  9 goblins
  11 kobolds
  2 quokka skeletons
  8 rats
162 creatures vanquished.

Notes
Turn   | Place    | Note
--------------------------------------------------------------
     0 | D:1      | grulito the Hill Orc Fighter began the quest for the Orb.
     0 | D:1      | Reached XP level 1. HP: 19/19 MP: 1/1
   219 | D:1      | Reached skill level 3 in Axes
   219 | D:1      | Reached XP level 2. HP: 27/27 MP: 2/2
   785 | D:2      | Noticed Terence
   789 | D:2      | Reached XP level 3. HP: 25/33 MP: 3/3
   801 | D:1      | Killed Terence
   801 | D:1      | Reached skill level 4 in Axes
   810 | D:2      | Found an oddly glowing altar of Pakellas.
   932 | D:2      | Reached skill level 5 in Axes
   932 | D:2      | Reached XP level 4. HP: 25/40 MP: 4/4
   936 | D:2      | Noticed Ijyb
   953 | D:2      | Killed Ijyb
  1827 | D:3      | Found an iron altar of Okawaru.
  1841 | D:3      | Became a worshipper of Warmaster Okawaru
  1893 | D:3      | Reached XP level 5. HP: 46/46 MP: 5/5
  2089 | D:3      | Found a shimmering altar of Xom.
  2278 | D:3      | Reached skill level 5 in Fighting
  2532 | D:4      | Reached XP level 6. HP: 37/57 MP: 6/6
  2665 | D:4      | Got an ichor-stained hunting sling
  2967 | D:4      | Found a burning altar of Makhleb.
  2967 | D:4      | Found a glowing silver altar of Zin.
  2968 | D:4      | Noticed an angel
  2968 | D:4      | Noticed a cacodemon
  3031 | D:4      | Reached * piety under Okawaru
  3227 | D:4      | Noticed a sky beast
  3259 | D:4      | Killed a sky beast
  3530 | D:5      | Entered Level 5 of the Dungeon
  3531 | D:5      | Noticed a sky beast
  3558 | D:5      | Killed a sky beast
  3558 | D:5      | Reached skill level 6 in Axes
  3558 | D:5      | Reached XP level 7. HP: 19/66 MP: 7/7
  3800 | D:5      | Reached skill level 7 in Axes
  3829 | D:5      | Noticed Prince Ribbit
  4161 | D:5      | Reached ** piety under Okawaru
  4161 | D:5      | Reached skill level 8 in Axes
  4327 | D:5      | Found a radiant altar of Vehumet.
  4412 | D:5      | Reached skill level 9 in Axes
  4412 | D:5      | Reached skill level 1 in Evocations
  4670 | D:5      | Reached XP level 8. HP: 61/73 MP: 8/8
  4677 | D:5      | Reached skill level 1 in Invocations
  4895 | D:5      | Reached skill level 10 in Axes
  5086 | D:5      | Killed Prince Ribbit
  5086 | D:5      | Reached *** piety under Okawaru
  5698 | D:6      | Got a pitted battleaxe
  5704 | D:6      | Identified the cursed +3 battleaxe "Somudim" {chop, rF- rC+ Stlth+} (You found it on level 6 of the Dungeon)
  5727 | D:6      | Noticed Blork the orc
  5727 | D:6      | Reached skill level 1 in Polearms
  5733 | D:6      | Killed Blork the orc
  5765 | D:6      | Noticed Eustachio
  5814 | D:6      | Killed Eustachio
  5814 | D:6      | Reached skill level 11 in Axes
  5814 | D:6      | Reached XP level 9. HP: 72/82 MP: 9/9
  5942 | D:6      | Noticed Dowan
  5943 | D:6      | Noticed Duvessa
  5961 | D:6      | Killed Duvessa
  5962 | D:6      | Killed Dowan
  6123 | D:6      | Noticed Crazy Yiuf
  6131 | D:6      | Killed Crazy Yiuf
  6287 | D:6      | Found a glowing golden altar of the Shining One.
  6367 | D:6      | Reached **** piety under Okawaru
  6367 | D:6      | Reached skill level 12 in Axes
  6753 | D:7      | Found a blossoming altar of Fedhas.
  6757 | D:7      | Found an ancient bone altar of Kikubaaqudgha.
  6796 | D:7      | Found a staircase to the Ecumenical Temple.
  7261 | D:7      | Reached skill level 10 in Fighting
  7263 | D:7      | Reached skill level 13 in Axes
  7810 | D:8      | Found a sacrificial altar of Ru.
  7904 | D:8      | Reached skill level 5 in Armour
  7904 | D:8      | Reached XP level 10. HP: 56/93 MP: 10/10
  7925 | D:8      | Slain by a killer bee

Skill      XL: |  1  2  3  4  5  6  7  8  9 |
---------------+----------------------------+-----
Axes           | 3 5 6 9 11 13 | 13.1
Fighting       | 4 5 7 8 10 | 10.0
Evocations     | 1 |  1.2
Invocations    | 1 |  1.1
Polearms       | 1 |  1.8
Armour         | 5 |  5.1
Stealth        | |  0.1
Shields        | |  3.5

Action                   |  1- 3 |  4- 6 |  7- 9 | 10-12 || total
-------------------------+-------+-------+-------+-------++-------
Melee: War axe           |    63 |   226 |   102 |       ||   391
       Trident           |       |       |    38 |       ||    38
       Battleaxe         |       |       |   147 |     6 ||   153
Invok: Heroism           |       |       |     4 |       ||     4
 Abil: Evoke Berserk Rag |       |       |     2 |       ||     2
  Use: Scroll            |       |     8 |     4 |     2 ||    14
       Potion            |       |       |     3 |     1 ||     4
 Stab: Invisible         |       |       |     2 |       ||     2
  Eat: Bread ration      |       |     2 |     2 |       ||     4
       Chunk             |       |     3 |     6 |       ||     9
Armor: Scale mail        |    40 |    99 |   118 |    12 ||   269
Dodge: Dodged            |    29 |    61 |    96 |    17 ||   203
Block: Shield            |    32 |   109 |    51 |       ||   192
